 Dungeon Crawl Stone Soup version 0.30-a0-924-g0ad0bf95bc (webtiles) character file.

Game seed: 721248383357586310

256 IdlyInterested the Cudgeller (level 5, -2/38 HPs)
             Began as a Demonspawn Gladiator on Mar 22, 2023.
             Slain by an orc priest
             ... wielding a +0 club
              (3 damage)
             ... on level 4 of the Dungeon.
             The game lasted 00:12:03 (2901 turns).

IdlyInterested the Cudgeller (Demonspawn Gladiator) Turns: 2901, Time: 00:12:04

Health: -2/38      AC:  9    Str: 16    XL:     5   Next: 92%
Magic:  5/5        EV: 10    Int:  9    God:
Gold:   84         SH:  0    Dex: 15    Spells: 4/4 levels left

rFire   . . .      SeeInvis .    a - +0 flail
rCold   . . .      Faith    .    (no shield)
rNeg    . . .      Spirit   .    p - +0 scale mail
rPois   .          Reflect  .    (helmet restricted)
rElec   .          Rampage  .    q - +1 cloak
rCorr   .                        (no gloves)
Will    .....                    (no boots) Stlth
                                 (no amulet)
HPRegen 0.26/turn                (no ring)
MPRegen 0.09/turn                (no ring)

@: no status effects
A: antennae 2, sharp scales 1
a: no special abilities


You were on level 4 of the Dungeon.
You visited 1 branch of the dungeon, and saw 4 of its levels.

You collected 219 gold pieces.
You spent 135 gold pieces at shops.

Inventory:

Hand Weapons
 a - a +0 flail (weapon)
Missiles
 d - 3 throwing nets
 h - 8 boomerangs (quivered)
 i - 59 stones
 t - 3 poisoned darts
Armour
 p - a +0 scale mail (worn)
 q - a +1 cloak (worn)
Scrolls
 g - 2 scrolls of poison
 o - 2 scrolls of silence
 r - a scroll of magic mapping {unknown}
 s - a scroll of immolation {unknown}
 u - a scroll of blinking {unknown}
 w - a scroll of brand weapon
 x - a scroll of fear
 y - a scroll of teleportation {unknown}
 B - a scroll of enchant weapon {unknown}
Potions
 c - a potion of attraction
 f - 2 potions of invisibility {unknown}
 j - a potion of haste
 k - a potion of might
 l - a potion of flight
 m - a potion of cancellation
 n - 4 potions of curing
 v - 2 potions of degeneration {unknown}
 z - 2 potions of mutation {unknown}
 A - 2 potions of lignification {unknown}


   Skills:
 - Level 2.0 Fighting
 * Level 5.4 Maces & Flails
 - Level 1.7 Throwing
 + Level 1.4 Armour
 - Level 2.6 Dodging
 - Level 1.0 Stealth
 - Level 1.0 Shields
 - Level 1.0 Evocations


You had 4 spell levels left.
You didn't know any spells.
Your spell library contained the following spells:

 Spells                   Type           Power      Damage    Failure   Level
 Kiss of Death            Conj/Necr      0%         2d5       83%         1
 Ensorcelled Hibernation  Hex/Ice        0%         N/A       92%         2
 Lesser Beckoning         Tloc           0%         N/A       92%         2
 Passwall                 Tmut/Erth      0%         N/A       92%         2
 Confusing Touch          Hex            0%         N/A       99%         3
 Gell's Gravitas          Tloc           0%         N/A       99%         3
 Swiftness                Air            0%         N/A       99%         3
 Teleport Other           Tloc           0%         N/A       99%         3
 Cause Fear               Hex            0%         N/A       100%        4
 Dispel Undead            Necr           0%         3d6       100%        4
 Dragon Form              Tmut           0%         N/A       100%        7
 Dragon's Call            Summ           0%         N/A       100%        9


Dungeon Overview and Level Annotations

Branches:
Dungeon (4/15)
 Temple: D:4-7

Altars:
Fedhas
Hepliaklqana
Qazlal
Trog

Shops:
D:3 ((*(!


Innate Abilities, Weirdness & Mutations

You have a pair of antennae on your head.
You are partially covered in razor-sharp scales. (AC +1, Slay +1)


Message History

Natasha shimmers violently.
Natasha claws you but does no damage.
You hit Natasha but do no damage.
Natasha is almost dead.
The orc priest closely misses you. The orc barely misses you.
Natasha closely misses you. The orc hits you with a +0 club.
The orc priest hits you with a +0 short sword.
You sock Natasha!
You kill Natasha!
Natasha yowls pathetically as she dies!
A worm comes into view.
The orc misses you.
The orc priest hits you with a +0 short sword.
You hit the orc priest.
The orc priest is severely wounded.
The orc barely misses you. The orc hits you with a +0 flail.
The orc priest closely misses you.
You sock the orc priest!
You kill the orc priest!
The orc hits you with a +0 club.
The orc priest mumbles some strange prayers to Beogh against you.
Beogh smites you!
* * * LOW HITPOINT WARNING * * *
The orc hits you with a +0 flail.
* * * LOW HITPOINT WARNING * * *
You feel better. The orc hits you with a +0 club. The orc closely misses you.
The orc priest calls upon Beogh to heal the orc.
The orc's wounds heal themselves!
The orc hits you but does no damage. The orc hits you with a +0 flail.
* * * LOW HITPOINT WARNING * * *
The orc priest hits you with a +0 club.
* * * LOW HITPOINT WARNING * * *
Things that are here:
a +0 short sword; a +0 leather armour You hit the orc priest.
The orc priest is heavily wounded.
The orc barely misses you. The orc hits you with a +0 flail!
* * * LOW HITPOINT WARNING * * *
The orc priest hits you with a +0 club.
You die...

#...... #.>(((
#..... #....#
##...w#
#.....#.......
#....o#.......
#...@o#.......
#...o.#.......
#.....#.......
#....$+.......
#.....#†...!..
#####+###.[.....?.
#........#########
#........#
#......<.#


You could see a worm, an orc priest and 2 orcs.

Vanquished Creatures
  A scorpion (D:4)
  An orc priest (D:4)
  Natasha (D:4)
  An orc wizard (D:3)
  4 adders
  2 worms (D:3)
  2 dart slugs (D:3)
  3 orcs (D:3)
  5 endoplasms
  3 giant cockroaches
  6 goblins
  6 hobgoblins
  8 jackals
  11 kobolds
  2 quokkas
  4 ball pythons
  4 bats
  3 frilled lizards
  4 rats
71 creatures vanquished.

Notes
Turn   | Place    | Note
-------+----------+-------------------------------------------
     0 | D:1      | IdlyInterested the Demonspawn Gladiator began the quest for
                  | the Orb.
     0 | D:1      | Reached XP level 1. HP: 16/16 MP: 1/1
   208 | D:1      | Reached skill level 3 in Maces & Flails
   216 | D:1      | Gained mutation: You have a pair of small antennae on your
                  | head. [demonic ancestry]
   216 | D:1      | Reached XP level 2. HP: 15/22 MP: 2/2
   457 | D:1      | Reached skill level 1 in Armour
   684 | D:2      | Gained mutation: You are partially covered in razor-sharp
                  | scales. (AC +1, Slay +1) [demonic ancestry]
   684 | D:2      | Reached XP level 3. HP: 19/27 MP: 3/3
  1021 | D:2      | Reached skill level 1 in Stealth
  1072 | D:2      | Reached skill level 4 in Maces & Flails
  1080 | D:2      | Found a faded altar of an unknown god.
  1572 | D:3      | Found a bloodstained altar of Trog.
  1578 | D:3      | Gained mutation: You have a pair of antennae on your head.
                  | [demonic ancestry]
  1578 | D:3      | Reached XP level 4. HP: 33/33 MP: 4/4
  1581 | D:3      | Found a blossoming altar of Fedhas.
  1644 | D:3      | Reached skill level 1 in Shields
  1735 | D:3      | Found a hazy altar of Hepliaklqana.
  1825 | D:3      | Found Xysucw's Antique Weapon Boutique.
  1828 | D:3      | Found Plog's Weapon Shop.
  1887 | D:3      | Found a stormy altar of Qazlal.
  1890 | D:3      | Found Horreniwnu's General Store.
  2239 | D:3      | Found Hoxzungy's Distillery.
  2278 | D:3      | Found Ezir's Antique Weapon Boutique.
  2522 | D:3      | Bought a scroll of brand weapon for 95 gold pieces
  2522 | D:3      | Bought a scroll of fear for 40 gold pieces
  2553 | D:4      | Noticed a scorpion
  2563 | D:4      | Reached XP level 5. HP: 35/38 MP: 5/5
  2574 | D:4      | Reached skill level 5 in Maces & Flails
  2574 | D:4      | Reached skill level 1 in Evocations
  2883 | D:4      | Noticed Natasha
  2896 | D:4      | Killed Natasha
  2901 | D:4      | HP: 1/38 [orc/+0 flail (7)]
  2901 | D:4      | Slain by an orc priest

Illustrated notes

Levels and vault maps discovered:
D:1:      minmay_arrival_up_and_down, layout_loops_cross
D:2:      layout_loops_ring, ebering_ecumenical_altar_petrified,
          amcnicky_mini_rare_corridor_liquid
D:3:      layout_basic, worldfamousw_hep_ancestral_shrine,
          mainiacjoe_overflow_catwalk_spiral, mainiacjoe_overflow_catwalk,
          serial_shops, shop, nicolae_square_shop, nicolae_lakefront_shop,
          nicolae_shop_crystal, shop, kennysheep_cluttered_room, minmay_vboxes
D:4:      layout_gridville, nicolae_dithmenos_shadow_blocks,
          nicolae_yredelemnul_corpse_copse, minmay_a_box_with_orc_wizards_in_it,
          uniq_natasha

Skill      XL: |  1  2  3  4  5 |
---------------+----------------+-----
Maces & Flails | 3 4 5 |  5.4
Armour         | 1 |  1.4
Stealth        | 1 |  1.0
Shields        | 1 |  1.0
Evocations     | 1 |  1.0
Fighting       | |  2.0
Throwing       | |  1.7
Dodging        | |  2.6

Action                     |  1- 3 |  4- 6 || total
---------------------------+-------+-------++-------
  Melee: Flail             |   100 |   114 ||   214
         Punch             |     2 |       ||     2
  Throw: Boomerang         |     7 |     2 ||     9
         Stone             |     6 |       ||     6
         Javelin           |       |     3 ||     3
    Use: Scroll            |     7 |     4 ||    11
         Potion            |     1 |     3 ||     4
   Stab: Sleeping          |     1 |       ||     1
 Armour: Leather armour    |     6 |       ||     6
         Ring mail         |    34 |       ||    34
         Scale mail        |     2 |    72 ||    74
  Dodge: Dodged            |    67 |    66 ||   133

Table legend: (Time is in decaauts)
 A = Elapsed time spent in this place.
 B = Non-inter-level travel time spent in this place.
 C = Inter-level travel time spent in this place.
 D = Time resting spent in this place.
 E = Time spent auto-exploring this place.
 F = Levels seen in this place.
 G = Mean time per level.
                   A        B        C        D        E       F      G
               +--------+--------+--------+--------+--------+-----+--------+
         Total |   2947 |   2511 |    436 |    196 |   1429 |   4 |  736.8 |
       Dungeon |   2947 |   2511 |    436 |    196 |   1429 |   4 |  736.8 |
               +--------+--------+--------+--------+--------+-----+--------+

Top non-repeatable levels by time:
     D:3: 1195 daAuts
     D:2: 866 daAuts
     D:1: 712 daAuts
     D:4: 173 daAuts
